 Dungeon Crawl Stone Soup version 0.30.1-4-g462c640d31 (webtiles) character file.

Game seed: 12747027741478470384

6 BillyBaka the Skirmisher (level 1, 0/20 HPs)
             Began as a Gnoll Hunter on Sept 9, 2023.
             Slain by a goblin
             ... wielding a +0 club
             ... led by Robin
              (2 damage)
             ... on level 1 of the Dungeon.
             The game lasted 00:01:00 (267 turns).

BillyBaka the Skirmisher (Gnoll Hunter)              Turns: 267, Time: 00:01:01

Health: 0/20       AC:  3    Str: 10    XL:     1   Next: 90%
Magic:  1/1        EV: 13    Int:  8    God:
Gold:   63         SH:  0    Dex: 15    Spells: 0/0 levels left

rFire   . . .        a - +0 shortbow
rCold   . . .        (shield currently unavailable)
rNeg    . . .        c - +0 leather armour
rPois   .            (no helmet)
rElec   .            (no cloak)
rCorr   .            (no gloves)
SInv    .            (no boots)
Will    .....        (no amulet)
Stlth   ++           (no ring)
HPRegen 0.23/turn    (no ring)
MPRegen 0.07/turn

%: no passive effects
@: no status effects
A: fangs 1, strong nose, distributed training
a: no special abilities


You were on level 1 of the Dungeon.
You visited 1 branch of the dungeon, and saw 2 of its levels.

You collected 63 gold pieces.

Inventory:

Hand Weapons
 a - a +0 shortbow (weapon)
Armour
 c - a +0 leather armour (worn)
Scrolls
 b - 2 scrolls of immolation
 e - a scroll of poison {unknown}
 f - a scroll of identify {unknown}
Potions
 d - a potion of curing {unknown}


   Skills:
 + Level 4.4 Fighting
 + Level 0.2 Short Blades
 + Level 0.2 Long Blades
 + Level 0.2 Axes
 + Level 0.2 Maces & Flails
 + Level 0.2 Polearms
 + Level 0.2 Staves
 + Level 8.4 Ranged Weapons
 + Level 0.2 Throwing
 + Level 0.2 Armour
 + Level 4.4 Dodging
 + Level 2.2 Stealth
 + Level 0.2 Shields
 + Level 0.2 Unarmed Combat
 + Level 0.2 Spellcasting
 + Level 0.1 Conjurations
 + Level 0.1 Hexes
 + Level 0.1 Summonings
 + Level 0.1 Necromancy
 + Level 0.1 Translocations
 + Level 0.1 Transmutations
 + Level 0.1 Fire Magic
 + Level 0.1 Ice Magic
 + Level 0.1 Air Magic
 + Level 0.1 Earth Magic
 + Level 0.1 Poison Magic
 + Level 0.3 Invocations
 + Level 0.2 Evocations


You couldn't memorise any spells.
You didn't know any spells.
Your spell library was empty.

Dungeon Overview and Level Annotations

Branches:
Dungeon (2/15)

Altars:

Annotations:
D:2 Robin


Innate Abilities, Weirdness & Mutations

You have very sharp teeth.
Your uncanny sense of smell can sniff out nearby items.
Your experience applies equally to all skills.


Message History

Found 6 stones.
f - a scroll labelled JIS TOTWYH
Found a leather armour.
Found a robe.
Done exploring.
Done exploring.
Search for what [? for help]? .
There is a stone staircase leading down here.
You climb downwards.
The goblin shouts! x4; The hobgoblin shouts!
Robin shouts!
The goblin shouts! x2
You hear a shout!
The goblin shouts!
You hear an angry hiss.
The goblin shouts!
The hobgoblin shouts!
There is a stone staircase leading up here.
Robin roars a battlecry!
The goblins go into a battle-frenzy!
The goblin hits you with a +0 club. x2; The goblin hits you but does no damage.
You climb upwards.
There is a stone staircase leading down here.
You are too injured to fight recklessly!
You are too injured to fight recklessly!
You shoot an arrow. The arrow hits the goblin.
The goblin is severely wounded.
The goblin barely misses you. The goblin hits you with a +0 club.
The goblin misses you.
You shoot an arrow.
The arrow hits the goblin but does no damage.
The goblin is severely wounded.
The goblin barely misses you. The goblin misses you.
The goblin hits you but does no damage. The goblin attacks as you move away!
The goblin hits you with a +0 dagger. The goblin misses you.
The goblin hits you with a +0 club. The goblin hits you with a +0 club.
* * * LOW HITPOINT WARNING * * *
You shoot an arrow. The arrow barely misses the goblin.
You shoot an arrow.
The arrow hits the goblin but does no damage.
The goblin hits you with a +0 club.
* * * LOW HITPOINT WARNING * * *
The goblin hits you with a +0 club.
You die...

######## ##......##
##........##
#####..........##
########........†.^.....
###...>.#@................
#.......gg................
#.........................
#...>.....................
#.........................
#.........................
#.........................
##........................
#.........................


You could see 2 goblins.

Vanquished Creatures
  A giant cockroach (D:1)
  A hobgoblin (D:1)
  A quokka (D:1)
  A kobold (D:1)
  2 rats (D:1)
6 creatures vanquished.

Notes
Turn   | Place    | Note
-------+----------+-------------------------------------------
     0 | D:1      | BillyBaka the Gnoll Hunter began the quest for the Orb.
     0 | D:1      | Reached XP level 1. HP: 20/20 MP: 1/1
   258 | D:2      | Noticed Robin
   267 | D:1      | Slain by a goblin

Illustrated notes

Levels and vault maps discovered:
D:1:      evilmike_arrival_hilbert_curve, layout_rooms
D:2:      layout_loops_ring, shapermc_ecumenical_altar_starsandcircs,
          serial_bayou_pond_c, kennysheep_minor_cross, uniq_robin

Action                     || total
---------------------------++-------
   Fire: Shortbow          ||    16
 Armour: Leather armour    ||     2
  Dodge: Dodged            ||     5
